[Event "69th GRE-ch 2019"]
[Site "Thessaloniki"]
[Date "2019.11.21"]
[Round "2.3"]
[White "Kourkoulos-Arditis, Stamatis"]
[Black "Koutoukidis, Panagiotis"]
[Result "1-0"]
[ECO "A05"]
[WhiteElo "2457"]
[BlackElo "2412"]
[Annotator "RC"]
[PlyCount "131"]
[EventDate "2019.11.20"]
[EventType "tourn"]
[EventCountry "GRE"]
[SourceTitle "playchess.com"]
[Source "ChessBase"]
[SourceQuality "1"]
[TimeControl "40/5400+30:1800+30"]

1. Nf3 Nf6 2. g3 d5 3. Bg2 e6 4. O-O Be7 5. c4 O-O 6. d4 dxc4 7. Qc2 a6 8. a4 Bd7 9. Rd1 Bc6 10. Nc3 Nbd7 11. e4 b5 12. d5 exd5 13. exd5 Bb7 14. Nd4 Bd6 15. Nc6 Bxc6 16. dxc6 Ne5 17. axb5 axb5 18. Rxa8 Qxa8 19. Nxb5 Qa5 20. Nxd6 cxd6 21. Bf4 Qc5 22. Be3 Qb4 23. Qd2 Qxd2 24. Rxd2 d5 25. c7 Rc8 26. Bb6 c3 27. bxc3 Nc4 28. Bxd5 Nxd2 29. Bb7 Nc4 30. Bxc8 Nxb6 31. Bb7 Kf8 32. c4 Ke7 33. c5 Nc8 34. Bxc8 Ne8 35. Kg2 Nxc7 36. Kf3 Kd8 37. Bf5 Na6 38. c6 Nb8 39. Be4 h6 40. Kf4 Kc7 41. Bd5 Nxc6 42. Bxf7 Kd6 43. Ke4 Ke7 44. Bd5 Nb8 45. Kf5 Nd7 46. Kg6 Kf8 47. f4 Nf6 48. Be6 Ke7 49. Bb3 Kf8 50. Kf5 Ne8 51. g4 Nd6+ 52. Ke6 Ne4 53. Ke5 Nf6 54. Kf5 Nh7 55. h3 Nf6 56. h4 Ke7 57. g5 hxg5 58. fxg5 Nd7 59. h5 Kf8 60. Bc4 Ke7 61. h6 gxh6 62. gxh6 Kf8 63. Be6 Nc5 64. Kg6 Nd3 65. h7 Ne5+ 66. Kh6 1-0

[Event "69th GRE-ch 2019"]
[Site "Thessaloniki"]
[Date "2019.11.22"]
[Round "3.1"]
[White "Ioannidis, Evgenios"]
[Black "Giannoulakis, Lampros"]
[Result "1/2-1/2"]
[ECO "B53"]
[WhiteElo "2379"]
[BlackElo "2227"]
[Annotator "NA"]
[PlyCount "89"]
[EventDate "2019.11.20"]
[EventType "tourn"]
[EventCountry "GRE"]
[SourceTitle "playchess.com"]
[Source "ChessBase"]
[SourceQuality "1"]
[TimeControl "40/5400+30:1800+30"]

1. e4 c5 2. Nf3 d6 3. d4 cxd4 4. Qxd4 Nc6 5. Qe3 Nf6 6. Be2 Bg4 7. O-O g6 8. c4 Bg7 9. Nc3 O-O 10. Rd1 Qc7 11. Rb1 Rac8 12. b3 a6 13. Bb2 Qa5 14. Nd5 Bxf3 15. Bxf3 Nxd5 16. exd5 Ne5 17. Be2 Rfe8 18. a3 Qc7 19. Bd4 Nd7 20. Bg4 Bxd4 21. Rxd4 Rb8 22. Bxd7 Qxd7 23. Re1 e5 24. dxe6 Rxe6 25. Qd2 Rxe1+ 26. Qxe1 Re8 27. Qd2 Re6 28. h4 Qe7 29. g3 h5 30. Kg2 Kg7 31. Qd3 Qf6 32. Rf4 Qe5 33. Qf3 Re7 34. b4 Rc7 35. Re4 Qf6 36. Qe3 Qf5 37. Qd4+ Qf6 38. Qd5 Re7 39. Rd4 Re6 40. Re4 Rxe4 41. Qxe4 Qe6 42. Kf3 Qf6+ 43. Kg2 Qe6 44. Kf3 Qf6+ 45. Kg2 1/2-1/2

[Event "69th GRE-ch 2019"]
[Site "Thessaloniki"]
[Date "2019.11.22"]
[Round "3.2"]
[White "Malikentzos, Sotirios"]
[Black "Kanakaris, Georgios"]
[Result "1/2-1/2"]
[ECO "D76"]
[WhiteElo "2432"]
[BlackElo "2395"]
[Annotator "NA"]
[PlyCount "94"]
[EventDate "2019.11.20"]
[EventType "tourn"]
[EventCountry "GRE"]
[SourceTitle "playchess.com"]
[Source "ChessBase"]
[SourceQuality "1"]
[TimeControl "40/5400+30:1800+30"]

1. Nf3 g6 2. d4 Nf6 3. c4 Bg7 4. g3 O-O 5. Bg2 d5 6. cxd5 Nxd5 7. O-O Nb6 8. Nc3 Nc6 9. e3 a5 10. Qe2 Be6 11. Rd1 Bc4 12. Qc2 a4 13. Ne5 Bxe5 14. dxe5 Qc8 15. e4 Nb4 16. Qb1 Rd8 17. Be3 Qe6 18. f4 Rd3 19. Qc1 Rad8 20. Rxd3 Nxd3 21. Qc2 Nb4 22. Qf2 Nd3 23. Qc2 Nb4 24. Qf2 Nd3 25. Qd2 Rd7 26. Qc2 Qc6 27. Rd1 Nb4 28. Qb1 Bd3 29. Qc1 e6 30. a3 Nc2 31. Bf2 Qc4 32. Kh1 Nd4 33. Qe3 Nb3 34. Qe1 Nc5 35. Rc1 Nb3 36. Rd1 Nc5 37. Kg1 Bc2 38. Rxd7 Nbxd7 39. Qd2 Qd3 40. Qc1 Bb3 41. f5 Qc2 42. Qg5 Nd3 43. Qd8+ Nf8 44. Be3 Ne1 45. Bf2 Nd3 46. Be3 Ne1 47. Bf2 Nd3 1/2-1/2

[Event "69th GRE-ch 2019"]
[Site "Thessaloniki"]
[Date "2019.11.22"]
[Round "3.3"]
[White "Koutoukidis, Panagiotis"]
[Black "Megalios, Konstantinos"]
[Result "1/2-1/2"]
[ECO "D31"]
[WhiteElo "2412"]
[BlackElo "2386"]
[Annotator "NA"]
[PlyCount "68"]
[EventDate "2019.11.20"]
[EventType "tourn"]
[EventCountry "GRE"]
[SourceTitle "playchess.com"]
[Source "ChessBase"]
[SourceQuality "1"]
[TimeControl "40/5400+30:1800+30"]

1. c4 e6 2. Nc3 d5 3. d4 a6 4. cxd5 exd5 5. Nf3 Nf6 6. Bg5 Be6 7. e3 Nbd7 8. Bd3 Bd6 9. Qc2 h6 10. Bf4 Qe7 11. O-O O-O 12. h3 Rac8 13. Ne2 Rfe8 14. Rac1 c5 15. Bxd6 Qxd6 16. dxc5 Nxc5 17. Ned4 Nfe4 18. Nxe6 Qxe6 19. Nd4 Qd7 20. Qe2 Ne6 21. Nxe6 Qxe6 22. Qg4 Qxg4 23. hxg4 Kf8 24. f3 Nd2 25. Rxc8 Rxc8 26. Re1 Nc4 27. Re2 Ne5 28. Bc2 Ke7 29. Kf2 Kd6 30. b3 Rc3 31. Rd2 Kc5 32. Ke2 Nc6 33. Bd3 Nb4 34. Bh7 Nc6 1/2-1/2

[Event "69th GRE-ch 2019"]
[Site "Thessaloniki"]
[Date "2019.11.22"]
[Round "3.4"]
[White "Kalogeris, Ioannis"]
[Black "Kourkoulos-Arditis, Stamatis"]
[Result "0-1"]
[ECO "C15"]
[WhiteElo "2330"]
[BlackElo "2457"]
[Annotator "ChessBase"]
[PlyCount "56"]
[EventDate "2019.11.20"]
[EventType "tourn"]
[EventCountry "GRE"]
[SourceTitle "playchess.com"]
[Source "ChessBase"]
[SourceQuality "1"]
[TimeControl "40/5400+30:1800+30"]

1. e4 e6 2. d4 d5 3. Nc3 Bb4 4. Nge2 dxe4 5. a3 Be7 6. Nxe4 Nf6 7. Qd3 Bd7 8. Be3 Nxe4 9. Qxe4 Bc6 10. Qg4 g6 11. Bh6 Nd7 12. Rd1 Nf6 13. Qh3 Qd7 14. Nf4 O-O-O 15. Be2 Rhg8 16. O-O g5 17. Nd3 Qxd4 18. Nb4 Qb6 19. Nxc6 Qxc6 20. Qe3 Rxd1 21. Rxd1 Qc5 22. Qd2 Bd6 23. b4 Qe5 24. g3 Ne4 25. Qd4 Nc3 26. Qxe5 Bxe5 27. Re1 Nxe2+ 28. Rxe2 Bd6 0-1

[Event "69th GRE-ch 2019"]
[Site "Thessaloniki"]
[Date "2019.11.22"]
[Round "3.5"]
[White "Papadopoulos, Georgios"]
[Black "Mitsis, Georgios"]
[Result "0-1"]
[ECO "D35"]
[WhiteElo "2378"]
[BlackElo "2348"]
[Annotator "ChessBase"]
[PlyCount "74"]
[EventDate "2019.11.20"]
[EventType "tourn"]
[EventCountry "GRE"]
[SourceTitle "playchess.com"]
[Source "ChessBase"]
[SourceQuality "1"]
[TimeControl "40/5400+30:1800+30"]

1. d4 Nf6 2. c4 e6 3. Nc3 d5 4. cxd5 exd5 5. Bg5 Be7 6. e3 c6 7. Qc2 Nbd7 8. Bd3 Nf8 9. Nge2 Ne6 10. Bh4 g6 11. O-O-O a5 12. f3 a4 13. Nxa4 O-O 14. a3 b6 15. Nac3 Bb7 16. Kb1 c5 17. Bb5 Nc7 18. Nf4 Ra5 19. Be2 c4 20. Bxf6 Bxf6 21. e4 b5 22. Nfxd5 Bxd5 23. exd5 Nxd5 24. Nxd5 Qxd5 25. h4 Rc8 26. h5 c3 27. hxg6 hxg6 28. Bd3 b4 29. Be4 Qb5 30. Bxg6 b3 31. Bxf7+ Kxf7 32. Qh7+ Bg7 33. Rde1 c2+ 34. Ka1 Rxa3+ 35. bxa3 b2+ 36. Ka2 Qc4+ 37. Kxb2 Qxd4+ 0-1

[Event "69th GRE-ch 2019"]
[Site "Thessaloniki"]
[Date "2019.11.23"]
[Round "4.1"]
[White "Giannoulakis, Lampros"]
[Black "Mitsis, Georgios"]
[Result "1-0"]
[ECO "D37"]
[WhiteElo "2227"]
[BlackElo "2348"]
[Annotator "NA"]
[PlyCount "89"]
[EventDate "2019.11.20"]
[EventType "tourn"]
[EventCountry "GRE"]
[SourceTitle "playchess.com"]
[Source "ChessBase"]
[SourceQuality "1"]
[TimeControl "40/5400+30:1800+30"]

1. d4 Nf6 2. c4 e6 3. Nf3 d5 4. Nc3 Nbd7 5. Bf4 dxc4 6. e4 Bb4 7. Nd2 O-O 8. Bxc4 Nb6 9. Qb3 c5 10. dxc5 Bxc5 11. Rd1 Nh5 12. Nf3 Qe7 13. Bg5 f6 14. Bc1 g6 15. O-O Bd7 16. Be2 a5 17. a4 Bc6 18. Nd4 Ng7 19. Bb5 Rfc8 20. Be3 Kh8 21. Rd2 e5 22. Nc2 Rab8 23. Rfd1 Ne6 24. Nd5 Nxd5 25. exd5 Bxb5 26. Qxb5 Bxe3 27. fxe3 Nc5 28. d6 Qd7 29. Na3 Rc6 30. Nc4 Rbc8 31. Nxa5 Ne4 32. Nxc6 bxc6 33. Qc4 Nxd2 34. Rxd2 Ra8 35. b3 Kg7 36. h3 h5 37. Qc5 Kf7 38. Qc4+ Kg7 39. Qc5 Kf7 40. a5 g5 41. b4 h4 42. Rc2 Rd8 43. Qxc6 Qxd6 44. Qxd6 Rxd6 45. Ra2 1-0

[Event "69th GRE-ch 2019"]
[Site "Thessaloniki"]
[Date "2019.11.23"]
[Round "4.2"]
[White "Kourkoulos-Arditis, Stamatis"]
[Black "Papadopoulos, Georgios"]
[Result "1-0"]
[ECO "E63"]
[WhiteElo "2457"]
[BlackElo "2378"]
[Annotator "ChessBase"]
[PlyCount "79"]
[EventDate "2019.11.20"]
[EventType "tourn"]
[EventCountry "GRE"]
[SourceTitle "playchess.com"]
[Source "ChessBase"]
[SourceQuality "1"]
[TimeControl "40/5400+30:1800+30"]

1. d4 Nf6 2. c4 g6 3. Nf3 Bg7 4. g3 O-O 5. Bg2 d6 6. Nc3 Nc6 7. O-O a6 8. b3 Rb8 9. Nd5 Nxd5 10. cxd5 Nb4 11. e4 f5 12. Ng5 c5 13. dxc6 Nxc6 14. exf5 Bxf5 15. Be3 d5 16. g4 Bc8 17. h3 Qd6 18. f4 h6 19. Nf3 Rxf4 20. Bxf4 Qxf4 21. Kh1 e6 22. Rc1 Qd6 23. Qc2 Bd7 24. Qxg6 Ne7 25. Qc2 Bb5 26. Rfe1 Rc8 27. Qd2 Rxc1 28. Qxc1 Ng6 29. Qc8+ Kf7 30. Qxb7+ Kg8 31. Qc8+ Kf7 32. Qc2 Qg3 33. a4 Nh4 34. Rc1 Kg8 35. Nxh4 Bd3 36. Qc8+ Kh7 37. Qc3 e5 38. Nf5 exd4 39. Nxg3 dxc3 40. Bxd5 1-0

[Event "69th GRE-ch 2019"]
[Site "Thessaloniki"]
[Date "2019.11.23"]
[Round "4.3"]
[White "Megalios, Konstantinos"]
[Black "Kalogeris, Ioannis"]
[Result "1/2-1/2"]
[ECO "A35"]
[WhiteElo "2386"]
[BlackElo "2330"]
[Annotator "NA"]
[PlyCount "115"]
[EventDate "2019.11.20"]
[EventType "tourn"]
[EventCountry "GRE"]
[SourceTitle "playchess.com"]
[Source "ChessBase"]
[SourceQuality "1"]
[TimeControl "40/5400+30:1800+30"]

1. Nf3 Nf6 2. c4 c5 3. Nc3 Nc6 4. d4 cxd4 5. Nxd4 d5 6. cxd5 Nxd5 7. Nxc6 bxc6 8. Bd2 g6 9. Nxd5 Qxd5 10. Bc3 f6 11. Qa4 Qb5 12. Qc2 e5 13. e3 Qb6 14. Bc4 Ba6 15. Qe2 Bxc4 16. Qxc4 Rd8 17. O-O Rd5 18. Rad1 Qb5 19. Qg4 f5 20. Rxd5 Qxd5 21. Qa4 Bc5 22. Rd1 Qe6 23. Qa5 Bb6 24. Qxe5 Qxe5 25. Bxe5 O-O 26. Kf1 Rd8 27. Rxd8+ Bxd8 28. Ke2 Kf7 29. Kd3 Ke6 30. Bd4 a6 31. Kc4 Kd6 32. b3 Ba5 33. f3 Bc7 34. h3 Bb8 35. e4 fxe4 36. fxe4 Ke6 37. Kb4 Bc7 38. Kc5 Kd7 39. Bf6 h5 40. a4 Ba5 41. b4 Bc7 42. e5 a5 43. b5 cxb5 44. axb5 Ke6 45. b6 Bxb6+ 46. Kxb6 a4 47. Bg5 Kxe5 48. Bc1 h4 49. Kc6 g5 50. Kd7 Kf5 51. Kd6 g4 52. Kd5 gxh3 53. gxh3 a3 54. Bxa3 Kf4 55. Bd6+ Kf3 56. Ke5 Kg3 57. Ke4+ Kxh3 58. Kf3 1/2-1/2

[Event "69th GRE-ch 2019"]
[Site "Thessaloniki"]
[Date "2019.11.23"]
[Round "4.4"]
[White "Kanakaris, Georgios"]
[Black "Koutoukidis, Panagiotis"]
[Result "1/2-1/2"]
[ECO "D78"]
[WhiteElo "2395"]
[BlackElo "2412"]
[Annotator "NA"]
[PlyCount "33"]
[EventDate "2019.11.20"]
[EventType "tourn"]
[EventCountry "GRE"]
[SourceTitle "playchess.com"]
[Source "ChessBase"]
[SourceQuality "1"]
[TimeControl "40/5400+30:1800+30"]

1. d4 Nf6 2. Nf3 d5 3. g3 g6 4. Bg2 Bg7 5. O-O O-O 6. c4 c6 7. b3 Bf5 8. Bb2 Nbd7 9. Nc3 dxc4 10. bxc4 Nb6 11. c5 Nc4 12. Bc1 Nd5 13. Qb3 Na5 14. Qb2 Nc4 15. Qb3 Na5 16. Qb2 Nc4 17. Qb3 1/2-1/2

[Event "69th GRE-ch 2019"]
[Site "Thessaloniki"]
[Date "2019.11.23"]
[Round "4.5"]
[White "Ioannidis, Evgenios"]
[Black "Malikentzos, Sotirios"]
[Result "1/2-1/2"]
[ECO "C43"]
[WhiteElo "2379"]
[BlackElo "2432"]
[Annotator "NA"]
[PlyCount "62"]
[EventDate "2019.11.20"]
[EventType "tourn"]
[EventCountry "GRE"]
[SourceTitle "playchess.com"]
[Source "ChessBase"]
[SourceQuality "1"]
[TimeControl "40/5400+30:1800+30"]

1. e4 e5 2. Nf3 Nf6 3. d4 exd4 4. e5 Ne4 5. Qxd4 d5 6. exd6 Nxd6 7. Nc3 Nc6 8. Qf4 Bf5 9. Bb5 Qe7+ 10. Be3 Nxb5 11. Nxb5 Qb4+ 12. Qxb4 Bxb4+ 13. c3 Bd6 14. Nxd6+ cxd6 15. O-O-O Be6 16. Rxd6 Bxa2 17. Nd2 Na5 18. Kc2 Nc4 19. Nxc4 Bxc4 20. Bc5 Be6 21. Re1 b6 22. f4 O-O 23. Rdxe6 fxe6 24. Bxf8 Rxf8 25. g3 g5 26. Rxe6 gxf4 27. gxf4 Rxf4 28. Kb3 Rh4 29. Re7 Rxh2 30. Rxa7 Rf2 31. Re7 Rf6 1/2-1/2

[Event "69th GRE-ch 2019"]
[Site "Thessaloniki"]
[Date "2019.11.24"]
[Round "5.2"]
[White "Koutoukidis, Panagiotis"]
[Black "Ioannidis, Evgenios"]
[Result "1/2-1/2"]
[ECO "B19"]
[WhiteElo "2412"]
[BlackElo "2379"]
[Annotator "ChessBase"]
[PlyCount "87"]
[EventDate "2019.11.20"]
[EventType "tourn"]
[EventCountry "GRE"]
[SourceTitle "playchess.com"]
[Source "ChessBase"]
[SourceQuality "1"]
[TimeControl "40/5400+30:1800+30"]

1. e4 c6 2. d4 d5 3. Nd2 dxe4 4. Nxe4 Bf5 5. Ng3 Bg6 6. h4 h6 7. Nf3 Nd7 8. h5 Bh7 9. Bd3 Bxd3 10. Qxd3 e6 11. Bd2 Ngf6 12. O-O-O Be7 13. Kb1 Qb6 14. c4 O-O 15. Ne4 Rad8 16. Rhg1 Ng4 17. Qe2 f5 18. Ng3 c5 19. Bc3 Bf6 20. Ne5 Ngxe5 21. dxe5 Be7 22. Qc2 Qc6 23. f3 Nb6 24. b3 Rxd1+ 25. Rxd1 Rd8 26. Ne2 Rxd1+ 27. Qxd1 Qd7 28. Qxd7 Nxd7 29. Nf4 Kf7 30. Kc2 Bg5 31. Ng6 Nf8 32. Nxf8 Kxf8 33. g4 fxg4 34. fxg4 Ke7 35. Kd3 Kd7 36. a3 Kc6 37. b4 a6 38. a4 b5 39. cxb5+ axb5 40. axb5+ Kxb5 41. bxc5 Kxc5 42. Ke4 Be7 43. Ba5 Kc6 44. Bd2 1/2-1/2

[Event "69th GRE-ch 2019"]
[Site "Thessaloniki"]
[Date "2019.11.24"]
[Round "5.3"]
[White "Kalogeris, Ioannis"]
[Black "Kanakaris, Georgios"]
[Result "0-1"]
[ECO "B52"]
[WhiteElo "2330"]
[BlackElo "2395"]
[Annotator "ChessBase"]
[PlyCount "60"]
[EventDate "2019.11.20"]
[EventType "tourn"]
[EventCountry "GRE"]
[SourceTitle "playchess.com"]
[Source "ChessBase"]
[SourceQuality "1"]
[TimeControl "40/5400+30:1800+30"]

1. e4 c5 2. Nf3 d6 3. Bb5+ Bd7 4. Bxd7+ Qxd7 5. c4 g6 6. O-O Bg7 7. d4 Nf6 8. Nc3 cxd4 9. Nxd4 Nc6 10. Nc2 O-O 11. b3 Rac8 12. Qd3 Rfd8 13. Bg5 Qg4 14. Qe3 Qh5 15. h3 h6 16. Bf4 Qa5 17. Qe1 e6 18. Nb5 Qxe1 19. Raxe1 Bf8 20. Be3 Nxe4 21. Nxa7 Nxa7 22. Bxa7 Nd2 23. Bb6 Re8 24. Ne3 Nxf1 25. Kxf1 Rc6 26. c5 dxc5 27. Nc4 Bg7 28. Rd1 Bd4 29. g4 e5 30. Kg2 Ree6 0-1

[Event "69th GRE-ch 2019"]
[Site "Thessaloniki"]
[Date "2019.11.24"]
[Round "5.4"]
[White "Papadopoulos, Georgios"]
[Black "Megalios, Konstantinos"]
[Result "1/2-1/2"]
[ECO "E48"]
[WhiteElo "2378"]
[BlackElo "2386"]
[Annotator "RC"]
[PlyCount "86"]
[EventDate "2019.11.20"]
[EventType "tourn"]
[EventCountry "GRE"]
[SourceTitle "playchess.com"]
[Source "ChessBase"]
[SourceQuality "1"]
[TimeControl "40/5400+30:1800+30"]

1. d4 Nf6 2. c4 e6 3. Nc3 Bb4 4. e3 O-O 5. Bd3 d5 6. Nf3 dxc4 7. Bxc4 b6 8. O-O Bb7 9. Qe2 Nbd7 10. Rd1 Qe7 11. a3 Bxc3 12. bxc3 Ne4 13. Qc2 Nd6 14. Be2 e5 15. a4 Rfe8 16. a5 Rad8 17. axb6 axb6 18. Ba3 Qf6 19. Bxd6 Qxd6 20. dxe5 Qe7 21. Bb5 Rf8 22. Qf5 Nc5 23. Nd4 g6 24. Qf4 Rd5 25. Bc6 Bxc6 26. Nxc6 Rxd1+ 27. Rxd1 Qe6 28. Qf6 Re8 29. Rd8 Rxd8 30. Qxd8+ Kg7 31. Qxc7 Qa2 32. h3 Ne4 33. e6 Qxf2+ 34. Kh2 Nd2 35. Qe5+ Kh6 36. Qf4+ Qxf4+ 37. exf4 fxe6 38. Nd4 Ne4 39. Nxe6 Nxc3 40. h4 Ne4 41. g4 Nc5 42. Nd4 Kg7 43. Kg3 Kf7 1/2-1/2